 Seeded DCSS version 0.28-a0-823-gb444dcf96d (webtiles) character file.

Game seed: 99999 (custom seed)

7632 a11behringer the Basher (level 10, -1/150 HPs)
             Began as a Troll Berserker on Nov 10, 2021.
             Was an Elder of Trog.
             Slain by Snorg (24 damage)
             ... on level 11 of the Dungeon.
             The game lasted 00:32:26 (8178 turns).

a11behringer the Basher (Troll Berserker)           Turns: 8178, Time: 00:32:26

Health: -1/150     AC:  5    Str: 29    XL:     10   Next: 98%
Magic:  0/0        EV: 11    Int:  3    God:    Trog [****..]
Gold:   301        SH:  0    Dex: 10    Spells: 9/9 levels left

rFire   + . .      SeeInvis .   k - +3 mace "Refeenuo" {vorpal, +Blink rElec MP-9}
rCold   x . .      Faith    .   (no shield)
rNeg    . . .      Spirit   .   J - +1 robe "Ypiexull" {rElec}
rPois   .          Reflect  .   (helmet restricted)
rElec   +          Harm     .   (no cloak)
rCorr   .          Rampage  .   (gloves unavailable)
Will    +....                   (boots unavailable)
Stlth   ..........              m - amulet of the acrobat
HPRegen 1.35/turn               d - ring of the Death Scarab {Fire Will+ Slay+2}
MPRegen 0.07/turn               (no ring)

@: berserking, very quick
A: large, unfitting armour, claws 3, regeneration 1, shaggy fur 1, tough skin 1
a: Renounce Religion, Evoke Blink, Berserk, Trog's Hand, Brothers in Arms


You were on level 11 of the Dungeon.
You worshipped Trog.
Trog was greatly pleased with you.
You visited 1 branch of the dungeon, and saw 11 of its levels.

You collected 517 gold pieces.
You spent 216 gold pieces at shops.

Inventory:

Hand Weapons
 a - a +1 mace of venom
 k - the +3 mace "Refeenuo" (weapon) {vorpal, +Blink rElec MP-9}
   (You bought it in a shop on level 2 of the Dungeon)

   It inflicts extra damage upon your enemies.
   rElec:     It insulates you from electricity.
   MP:        It affects your magic capacity (-9).
   +Blink:    It lets you blink.
 p - a +5 morningstar
 s - a +1 mace of protection
 u - a +1 whip of electrocution
 y - a +0 giant spiked club
Missiles
 f - 59 poisoned darts (quivered)
 x - a throwing net
 C - 3 large rocks
 D - 2 javelins
 E - 4 atropa-tipped darts
Armour
 b - a +0 animal skin
 J - the +1 robe "Ypiexull" (worn) {rElec}
   (You found it on level 8 of the Dungeon)

   rElec:     It insulates you from electricity.
Jewellery
 d - the ring of the Death Scarab (left claw) {Fire Will+ Slay+2}
   (You acquired it on level 3 of the Dungeon)

   [ring of fire]

   It enhances your fire magic.
   Slay:      It affects your accuracy & damage with ranged weapons and melee
   (+2).
   rF:        It protects you from fire.
   rC:        It makes you vulnerable to cold.
   Will:      It increases your willpower.
 m - an amulet of the acrobat (around neck)
 q - an amulet of guardian spirit
 G - the ring "Vekhlae" {+Blink Str-4 Int+6 SInv}
   (You found it on level 8 of the Dungeon)

   [ring of intelligence]

   Str:       It affects your strength (-4).
   Int:       It affects your intelligence (+6).
   SInv:      It lets you see invisible.
   +Blink:    It lets you blink.
 L - a ring of resist corrosion
 M - an amulet of regeneration
Wands
 t - a wand of iceblast (12)
 H - a wand of polymorph (7)
 I - a wand of paralysis (14)
Scrolls
 c - 3 scrolls of summoning
 e - a scroll of enchant weapon
 l - a scroll of blinking
 r - a scroll of noise {unknown}
 w - a scroll of silence
 B - 2 scrolls of identify
 K - 2 scrolls of acquirement
 N - 3 scrolls of teleportation
 O - a scroll of torment {unknown}
 P - a scroll of immolation {unknown}
Potions
 g - a potion of haste {unknown}
 h - a potion of mutation
 i - a potion of might
 j - 3 potions of magic
 n - 3 potions of curing
 o - 3 potions of lignification
 v - a potion of berserk rage {unknown}
 z - a potion of brilliance {unknown}
 A - a potion of ambrosia {unknown}
 F - a potion of heal wounds {unknown}


   Skills:
 + Level 6.4 Fighting
 * Level 13.0 Maces & Flails
 + Level 6.0 Dodging


You had 9 spell levels left.
You didn't know any spells.
Your spell library was empty.

Dungeon Overview and Level Annotations

Branches:
Dungeon (12/15)            Temple (0/1) D:6
   Lair: D:8-11         Orc: D:9-12

Altars:
Ru

Shops:
D:2 (   D:3 ?   D:5 !   D:6 [[

Annotations:
D:3 1 runed translucent door
D:11 Snorg


Innate Abilities, Weirdness & Mutations

You are too large for most types of armour.
You have claws for hands.
Your natural rate of healing is unusually fast.
You are covered in fur. (AC +1)
You have tough skin. (AC +1)


Message History

You climb upwards.
Found a stone staircase leading up.
There is a stone staircase leading down here.
Found a wand of iceblast (5).
Found a potion of magic and a scroll of enchant weapon.
Found a stone staircase leading up.
Snorg the Insatiable comes into view.
Snorg shouts!
Found a scale mail.
Found an escape hatch in the ceiling.
Found a scroll of teleportation.
You see here a wand of iceblast (5).
Snorg bites you! Snorg misses you. Snorg barely misses you.
A red film seems to cover your vision as you go berserk!
You feel yourself moving faster!
You feel mighty!
Snorg goes berserk!
You sock Snorg!
Snorg is lightly wounded.
You bludgeon Snorg!!
Snorg is moderately wounded.
Snorg bites you! Snorg claws you. Snorg misses you.
You thump Snorg!
Snorg is moderately wounded.
Snorg bites you! Snorg completely misses you. Snorg claws you!
You barely miss Snorg.
Snorg is moderately wounded.
Snorg bites you!! Snorg barely misses you. Snorg claws you.
You barely miss Snorg.
Snorg is moderately wounded.
You barely miss Snorg.
Snorg is moderately wounded.
Snorg barely misses you. Snorg misses you. Snorg claws you but does no damage.
You closely miss Snorg.
Snorg is moderately wounded.
Snorg bites you! Snorg claws you!!
* * * LOW HITPOINT WARNING * * *
Snorg claws you!
* * * LOW HITPOINT WARNING * * *
You barely miss Snorg.
Snorg is moderately wounded.
Snorg bites you!!
You die...

................
................
................
.........<......
................
............####
............#
......./....#
..^....@....#
.......T!..?#
............#
............#
............#
...<.[........
.............?.
..####..#######


You could see Snorg (berserk).

Vanquished Creatures
  3 two-headed ogres
  The ghost of lawman0 the Magician, a novice DrWz (D:7)
  The ghost of AttackTheMoon the Magician, an amateur DjFE (D:3)
  A shadow (D:12)
  A wyvern (D:9)
  3 yaks (D:8)
  A steam dragon (D:7)
  Menkaure (D:5)
  4 water moccasins
  An orc warrior (D:9)
  An ice beast (D:7)
  2 black bears
  2 sky beasts
  11 centaurs
  2 necrophages (D:6)
  3 kobold brigands
  3 bullfrogs
  A gnoll sergeant (D:12)
  A scorpion (D:7)
  9 killer bees
  8 wights
  4 howler monkeys
  A hound (D:7)
  2 centaur zombies
  3 orc priests
  2 jellies
  4 orc wizards
  A gnoll shaman (D:7)
  2 iguanas
  A scorpion zombie (D:5)
  2 howler monkey zombies (D:9)
  9 gnolls
  4 adders
  3 shadow imps
  A white imp (D:6)
  2 worms
  3 dart slugs
  14 orcs
  7 endoplasms
  5 giant cockroaches
  10 goblins
  9 hobgoblins
  7 jackals
  34 kobolds
  6 quokkas
  8 ball pythons
  5 bats (D:1)
  A frilled lizard (D:3)
  5 rats
215 creatures vanquished.

Vanquished Creatures (others)
  17 plants (D:6)
17 creatures vanquished.

Grand Total: 232 creatures vanquished

Notes
Turn   | Place    | Note
-------+----------+-------------------------------------------
     0 | D:1      | a11behringer the Troll Berserker began the quest for the
                  | Orb.
     0 | D:1      | Reached XP level 1. HP: 22/22 MP: 0/0
   142 | D:1      | Reached skill level 3 in Maces & Flails
   151 | D:1      | Reached XP level 2. HP: 29/29 MP: 1/1
   568 | D:1      | Reached XP level 3. HP: 34/36 MP: 2/2
   813 | D:2      | Reached ** piety under Trog
   864 | D:2      | Found Putuicyi's Antique Weapon Shop.
  1197 | D:2      | Found a faded altar of an unknown god.
  1285 | D:2      | Reached XP level 4. HP: 44/44 MP: 3/3
  1470 | D:2      | Bought a steaming mace for 128 gold pieces
  1470 | D:2      | Identified the +3 mace "Refeenuo" {vorpal, +Blink rElec
                  | MP-9} (You bought it in a shop on level 2 of the Dungeon)
  1552 | D:3      | Found a runed translucent door.
  1554 | D:3      | Reached skill level 4 in Maces & Flails
  1559 | D:3      | Noticed AttackTheMoon's ghost (amateur DjFE)
  1561 | D:3      | Noticed a bullfrog
  1962 | D:3      | Found Lehadoiz's Magic Scroll Emporium.
  2158 | D:3      | Found a runed translucent door.
  2434 | D:3      | Killed a bullfrog
  2435 | D:3      | Reached skill level 5 in Maces & Flails
  2435 | D:3      | Reached XP level 5. HP: 52/52 MP: 0/4
  2449 | D:3      | Killed AttackTheMoon's ghost
  2450 | D:3      | Reached XP level 6. HP: 27/61 MP: 0/5
  2464 | D:3      | Identified a scroll of acquirement
  2464 | D:3      | Acquired the ring of the Death Scarab {Fire Will+ Slay+2}
  2727 | D:4      | Reached skill level 6 in Maces & Flails
  3055 | D:4      | Reached XP level 7. HP: 38/67 MP: 0/6
  3207 | D:2      | Bought a runed whip for 88 gold pieces
  3284 | D:5      | Entered Level 5 of the Dungeon
  3417 | D:5      | Found Owuunarapt's Distillery.
  3443 | D:5      | Reached *** piety under Trog
  3454 | D:5      | Reached skill level 7 in Maces & Flails
  3598 | D:5      | Noticed Menkaure
  3604 | D:5      | Killed Menkaure
  4031 | D:6      | Reached XP level 8. HP: 58/78 MP: 0/7
  4037 | D:6      | Reached skill level 8 in Maces & Flails
  4287 | D:6      | Found a staircase to the Ecumenical Temple.
  4452 | D:6      | Noticed a two-headed ogre
  4459 | D:6      | Killed a two-headed ogre
  4460 | D:6      | Reached skill level 9 in Maces & Flails
  4460 | D:6      | Reached XP level 9. HP: 85/85 MP: 0/8
  4535 | D:6      | Reached skill level 10 in Maces & Flails
  4634 | D:6      | Found Kolluyd's Antique Armour Shop.
  4635 | D:6      | Found Yfuija Miyr's Armour Emporium.
  5310 | D:7      | Reached **** piety under Trog
  5405 | D:7      | Reached skill level 5 in Fighting
  5750 | D:7      | Found a runed translucent gate.
  5750 | D:7      | Found a runed translucent gate.
  5750 | D:7      | Found a runed translucent gate.
  5752 | D:7      | Noticed lawman0's ghost (novice DrWz)
  6154 | D:7      | Killed lawman0's ghost
  6155 | D:7      | Reached skill level 11 in Maces & Flails
  6323 | D:8      | Identified the ring "Vekhlae" {+Blink Str-4 Int+6 SInv}
  6360 | D:8      | Reached XP level 10. HP: 67/96 MP: 0/9
  6365 | D:8      | Reached skill level 5 in Dodging
  6643 | D:8      | Identified the +1 robe "Ypiexull" {rElec}
  7163 | D:9      | Found a sacrificial altar of Ru.
  7271 | D:9      | Reached skill level 12 in Maces & Flails
  7676 | D:9      | Noticed a two-headed ogre
  7682 | D:9      | Killed a two-headed ogre
  7789 | D:9      | Noticed a two-headed ogre
  7799 | D:9      | Killed a two-headed ogre
  7819 | D:9      | You fall into a shaft and drop 3 floors!
  8004 | D:12     | Reached skill level 13 in Maces & Flails
  8166 | D:11     | Noticed Snorg
  8178 | D:11     | Slain by Snorg

Illustrated notes

Levels and vault maps discovered:
D:1:      heliophobic_arrival_battle_scene, layout_loops_ring, solitary_fountain
D:2:      layout_basic, serial_shops, nicolae_shop_behind_doors,
          ebering_ecumenical_altar_abandoned
D:3:      layout_loops_corners, serial_shops, shop, ebering_ghost_sewer_f
D:4:      layout_rooms
D:5:      layout_gridville, nicolae_stop_n_shop_1,
          hangedman_decor_diamond_cutter, lemuel_flame_loot_1, uniq_menkaure
D:6:      kennysheep_kobold_camp, layout_basic, minmay_temple_entry_overgrown,
          nicolae_wooded_promenade
D:7:      layout_basic, ebering_ghost_rock_garden
D:8:      layout_loops_ring, minmay_hedge_maze
D:9:      wad_crossroads, layout_rooms, nicolae_ru_the_path_less_chosen,
          serial_co_window_serial, co_window_paths_a,
          co_window_of_opportunity_a, co_window_paths_a, co_window_paths_a,
          co_window_corner_a, co_window_paths_b, co_window_corner_cb,
          co_window_cross_4, co_window_corner_ca, co_window_unsneaky_path_b,
          co_window_paths_d, co_window_4corner_b, glass_columns_b,
          glass_columns_c, glass_columns_a
D:11:     layout_small_grid, serial_rivers, chequers_serial_rivers_micro_e,
          chequers_serial_rivers_large_a, chequers_serial_rivers_room_b,
          chequers_serial_rivers_large_b, chequers_serial_rivers_room_a,
          serial_shops, nicolae_shop_crystal, bloody_makhleb, uniq_snorg
D:12:     layout_stronghold, portal_ice_cave_entry_imps, serial_rivers,
          chequers_serial_rivers_micro_d, chequers_serial_rivers_micro_d,
          chequers_serial_rivers_marsh, chequers_serial_rivers_micro_b,
          chequers_serial_rivers_micro_d, chequers_serial_rivers_micro_b

Skill      XL: |  1  2  3  4  5  6  7  8  9 10 |
---------------+-------------------------------+-----
Maces & Flails | 3 5 6 7 9 11 13 | 13.0
Dodging        | 3 4 6 |  6.0
Fighting       | 3 4 5 6 |  6.4

Action                   |  1- 3 |  4- 6 |  7- 9 | 10-12 || total
-------------------------+-------+-------+-------+-------++-------
Melee: Mace              |   153 |   135 |   239 |   246 ||   773
Invok: Trog's Hand       |       |     1 |     5 |     2 ||     8
       Berserk           |       |     1 |     3 |     3 ||     7
  Use: Scroll            |       |    10 |     6 |     1 ||    17
Armor: Animal skin       |    58 |    35 |    56 |    28 ||   177
       Robe              |       |       |       |    35 ||    35
Dodge: Dodged            |    89 |    52 |   119 |   168 ||   428

Table legend: (Time is in decaauts)
 A = Elapsed time spent in this place.
 B = Non-inter-level travel time spent in this place.
 C = Inter-level travel time spent in this place.
 D = Time resting spent in this place.
 E = Time spent auto-exploring this place.
 F = Levels seen in this place.
 G = Mean time per level.
                   A        B        C        D        E       F      G
               +--------+--------+--------+--------+--------+-----+--------+
         Total |   8234 |   6683 |   1551 |      0 |   5182 |  11 |  748.5 |
       Dungeon |   8234 |   6683 |   1551 |      0 |   5182 |  11 |  748.5 |
               +--------+--------+--------+--------+--------+-----+--------+

Top non-repeatable levels by time:
     D:6: 1194 daAuts
     D:2: 1171 daAuts
     D:3: 1040 daAuts
     D:7: 986 daAuts
     D:9: 852 daAuts
     D:8: 774 daAuts
     D:5: 719 daAuts
     D:1: 674 daAuts
     D:4: 470 daAuts
    D:12: 333 daAuts
    D:11: 17 daAuts
